 Dungeon Crawl Stone Soup version 0.28.0-43-g3370ac3207 (webtiles) character file.

Game seed: 6963554226051243378

19 saw2855 the Chopper (level 2, -2/27 HPs)
             Began as a Minotaur Berserker on Mar 13, 2022.
             Was a Follower of Trog.
             Slain by an adder (5 damage)
             ... on level 2 of the Dungeon.
             The game lasted 00:04:26 (847 turns).

saw2855 the Chopper (Minotaur Berserker)             Turns: 847, Time: 00:04:27

Health: -2/27      AC:  2    Str: 21    XL:     2   Next: 55%
Magic:  1/1        EV: 12    Int:  4    God:    Trog [*.....]
Gold:   57         SH:  0    Dex:  9    Spells: 1/1 levels left

rFire   . . .      SeeInvis .   a - +0 hand axe
rCold   . . .      Faith    .   (no shield)
rNeg    . . .      Spirit   .   b - +0 animal skin
rPois   .          Reflect  .   (helmet restricted)
rElec   .          Harm     .   (no cloak)
rCorr   .          Rampage  .   (no gloves)
Will    .....                   (no boots)
Stlth   +.........              (no amulet)
HPRegen 0.09/turn               (no ring)
MPRegen 0.07/turn               (no ring)

@: no status effects
A: horns 2, retaliatory headbutt
a: Renounce Religion, Berserk


You were on level 2 of the Dungeon.
You worshipped Trog.
Trog was aware of your devotion.
You visited 1 branch of the dungeon, and saw 2 of its levels.

You collected 57 gold pieces.

Inventory:

Hand Weapons
 a - a +0 hand axe (weapon)
Armour
 b - a +0 animal skin (worn)
Jewellery
 c - a ring of positive energy
Potions
 d - a potion of curing {unknown}
 e - 2 potions of heal wounds
 g - a potion of attraction {unknown}


   Skills:
 + Level 4.0 Fighting
 + Level 4.2 Axes
 + Level 2.5 Armour
 + Level 2.3 Dodging


You had one spell level left.
You didn't know any spells.
Your spell library was empty.

Dungeon Overview and Level Annotations

Branches:
Dungeon (2/15)

Altars:

Annotations:
D:2 Terence


Innate Abilities, Weirdness & Mutations

You have a pair of horns on your head.
You reflexively headbutt those who attack you in melee.


Message History

Partly explored, can't reach some places.
As you read the scroll labelled LEDESU BIOTT, it crumbles to dust.
It is a scroll of identify.
e - 2 potions of heal wounds
Press: ? - help, v - describe, . - travel Some shallow water.
You enter the shallow water.
Moving in this stuff is going to be slow.
There is a stone staircase leading down here.
You climb downwards.
Terence shouts!
There is a stone staircase leading up here.
You hit Terence. Your headbutt misses Terence.
Terence is moderately wounded.
Terence hits you with a +0 mace!
You closely miss Terence. Your headbutt misses Terence.
Terence is moderately wounded.
Terence hits you with a +0 mace!
You closely miss Terence. You headbutt Terence, but do no damage.
Terence is moderately wounded.
Terence barely misses you. You furiously retaliate!
You headbutt Terence. The adder barely misses you.
You hit Terence.
Terence is heavily wounded.
You barely miss the adder. Terence completely misses you.
The adder closely misses you.
You hit Terence.
Terence is heavily wounded.
You hit the adder. The adder bites you. Terence barely misses you.
You furiously retaliate!
You headbutt Terence. You barely miss Terence.
Terence is severely wounded.
You barely miss the adder. The adder bites you.
* * * LOW HITPOINT WARNING * * *
Terence misses you. The adder bites you.
* * * LOW HITPOINT WARNING * * *
You closely miss Terence. You headbutt Terence, but do no damage.
Terence is severely wounded.
You closely miss the adder. Terence closely misses you. The adder bites you.
You die...

### ..# #
#.#
####.##@#
.......@#
####.##S#
#...#
......#
.....#.#
....... #
#..#....#
#........
......#.##


You could see Terence and an adder.

Vanquished Creatures
  3 endoplasms (D:1)
  A giant cockroach (D:1)
  2 hobgoblins (D:1)
  A quokka (D:1)
  A ball python (D:1)
  2 bats (D:1)
  2 frilled lizards (D:1)
  4 kobolds (D:1)
  3 rats (D:1)
19 creatures vanquished.

Vanquished Creatures (others)
  4 plants (D:1)
4 creatures vanquished.

Grand Total: 23 creatures vanquished

Notes
Turn   | Place    | Note
-------+----------+-------------------------------------------
     0 | D:1      | saw2855 the Minotaur Berserker began the quest for the Orb.
     0 | D:1      | Reached XP level 1. HP: 19/19 MP: 0/0
   132 | D:1      | Found a faded altar of an unknown god.
   244 | D:1      | Reached XP level 2. HP: 27/27 MP: 1/1
   839 | D:2      | Noticed Terence
   847 | D:2      | Slain by an adder

Illustrated notes

Levels and vault maps discovered:
D:1:      dpeg_arrival_orchard, layout_basic, basic_ecumenical_altar,
          chequers_serial_rivers_micro_c, chequers_big_river,
          grunt_decor_mini_mirrors, roderic_serpentine_path
D:2:      layout_loops_ring, basic_altar, minmay_tetromino_l2, uniq_sigmund,
          uniq_terence

Skill      XL: |  1  2 |
---------------+-------+-----
Axes           | 4 |  4.2
Fighting       | 4 |  4.0
Armour         | |  2.5
Dodging        | |  2.3

Action                   || total
-------------------------++-------
Melee: Hand axe          ||    46
       Headbutt          ||     6
  Use: Scroll            ||     3
Armor: Animal skin       ||     4
Dodge: Dodged            ||    33
